 Dungeon Crawl Stone Soup version 0.30-a0-1163-gf69bf04e7a (webtiles) character file.

Game seed: 7194255231640443965

128 ytrimaz the Trooper (level 4, 0/35 HPs)
             Began as a Demonspawn Fighter on Apr 27, 2023.
             Slain by an ogre
             ... wielding a +0 giant club
              (22 damage)
             ... on level 3 of the Dungeon on Apr 28, 2023.
             The game lasted 00:02:29 (1543 turns).

ytrimaz the Trooper (Demonspawn Fighter)            Turns: 1543, Time: 00:02:30

Health: 0/35       AC:  7    Str: 16    XL:     4   Next: 86%
Magic:  4/4        EV: 10    Int: 10    God:
Gold:   186        SH:  5    Dex: 14    Spells: 3/3 levels left

rFire   + + .        e - +6 dagger of Syrru {pain, Contam rPois rF++ rC+++}
rCold   + + +        c - +0 buckler
rNeg    . . .        b - +1 scale mail
rPois   +            (helmet restricted)
rElec   .            (no cloak)
rCorr   .            (no gloves)
SInv    .            (no boots)
Will    .....        (no amulet) Stlth
                     (no ring)
HPRegen 0.25/turn    (no ring)
MPRegen 0.09/turn

%: no passive effects
@: no status effects
A: antennae 1, weakness stinger 1
a: no special abilities


You were on level 3 of the Dungeon.
You visited 1 branch of the dungeon, and saw 3 of its levels.

You collected 186 gold pieces.


Innate Abilities, Weirdness & Mutations

You have a pair of small antennae on your head.
You have a small tail.


   Skills:
 - Level 3.0 Fighting
 + Level 1.7 Short Blades
 - Level 2.1 Axes
 - Level 2.8 Armour
 + Level 2.9 Dodging
 - Level 3.0 Shields


You had 3 spell levels left.
You didn't know any spells.
Your spell library contained the following spells:

 Spells                   Type           Power      Damage    Failure   Level
 Blink                    Tloc           0%         N/A       95%         2
 Lesser Beckoning         Tloc           0%         N/A       95%         2
 Momentum Strike          Conj/Tloc      0%         3d8       95%         2
 Sublimation of Blood     Necr           0%         N/A       95%         2
 Petrify                  Tmut/Erth      0%         N/A       100%        4
 Irradiate                Conj/Tmut      0%         3d11      100%        5

Inventory:

Hand Weapons
 a - a +0 war axe
 e - the +6 dagger of Syrru (weapon) {pain, Contam rPois rF++ rC+++}
   (You found it on level 2 of the Dungeon)

   rF:        It greatly protects you from fire.
   rC:        It renders you almost immune to cold.
   rPois:     It protects you from poison.
   Contam:    It causes magical contamination when unequipped.
Armour
 b - a +1 scale mail (worn)
 c - a +0 buckler (worn)
Wands
 j - a wand of flame (5)
   (You found it on level 3 of the Dungeon)
Scrolls
 f - a scroll of fog
 g - a scroll of identify {unknown}
 i - a scroll of summoning
 n - a scroll of vulnerability {unknown}
 o - a scroll of magic mapping {unknown}
Potions
 d - a potion of might
 h - a potion of flight {unknown}
 k - a potion of resistance {unknown}
 l - a potion of heal wounds {unknown}
 m - a potion of attraction {unknown}

Dungeon Overview and Level Annotations

Branches:
Dungeon (3/15) Zot: 16419

Altars:

... ............
...........# #.......##.#
#.......##.# ######
##......##.# #....########
#........#.# #....#.......
#........#@# #....#.......
.......†.O.####....#.......
.............##....#.......
###......#.#..†....#.......
#........................
........#..#.....|#.......
#................###.......
.................# #.......
......#..........# #.......


You could see an ogre.


Message History

You puncture the adder! The adder bites you but does no damage.
The kobold hits you with a +0 whip. 😕 HP[-3]
You take 3 damage, and now have 29/35 hp.
You hit the kobold. The adder bites you but does no damage.
The kobold hits you but does no damage. The adder closely misses you.
Unknown command.
You hit the kobold.
You kill the kobold!
The adder bites you but does no damage. 😕 HP[+1]
You hit the adder.
You kill the adder!
No target in view!
Unknown command.
No target in view!
You see here an adder corpse.
There is a stone staircase leading up here.
j - a wand of flame (5) 😎 HP[+5]
Your hp is fully restored (35).
You pick up a book of Alchemy and begin reading...
You add the spells Sublimation of Blood, Petrify and Irradiate to your library.
Unknown command.
Found a stone staircase leading up.
There is a stone staircase leading up here.
Key pressed, stopping explore.
No target in view!
You now have 186 gold pieces (gained 9).
Key pressed, stopping explore.
No target in view!
Key pressed, stopping explore.
No target in view!
Unknown command.
A dart slug comes into view.
The dart slug launches a dart at you. You block the slug dart.
A dart slug is nearby!
A dart slug is nearby!
The dart slug launches a dart at you. The slug dart misses you.
You hit the dart slug.
Unknown command.
You completely miss the dart slug. The dart slug closely misses you.
You hit the dart slug but do no damage. The dart slug launches a dart at you.
You block the slug dart.
You puncture the dart slug!
You kill the dart slug!
Unknown command.
You see here a staff of conjuration.
No target in view!
No target in view!
You see here a dart slug corpse.
A hobgoblin comes into view.
The hobgoblin shouts!
You hear a shout!
A hobgoblin comes into view.
A rat comes into view.
You hear a shout!
There are monsters nearby!
There are monsters nearby!
There are monsters nearby!
An ogre comes into view. It is wielding a +0 giant club.
The hobgoblin hits you but does no damage.
Unknown command.
You puncture the hobgoblin!
You kill the hobgoblin!
The hobgoblin barely misses you. The rat bites you but does no damage.
You hit the hobgoblin but do no damage. You tail-slap the hobgoblin.
The hobgoblin hits you but does no damage.
The rat closely misses you.
You puncture the hobgoblin!
You kill the hobgoblin!
You block the rat's attack.
Unknown command.
You barely miss the rat. The rat bites you. 😕 HP[-2]
You take 2 damage, and now have 33/35 hp.
The rat attacks as you move away! The rat misses you.
You hit the rat.
You kill the rat!
The ogre closely misses you. 😕 HP[+1]
You hit the ogre but do no damage.
Your tail-slap misses the ogre.
Unknown command.
You hit the ogre.
You tail-slap the ogre, but do no damage.
The ogre hits you with a +0 giant club! 😮 HP[-13]
You take 13 damage, and now have 21/35 hp.
MASSIVE DAMAGE!! (PAUSE)
You hit the ogre. The ogre barely misses you.
You are too injured to fight recklessly!
You hit the ogre.
You tail-slap the ogre, but do no damage. 😮 HP[+1] Unknown command.
You hit the ogre but do no damage.
The ogre hits you with a +0 giant club!!
Ouch! That really hurt!
You die...

Skill      XL: |  1  2  3  4 |
---------------+-------------+-----
Axes           | 2 |  2.1
Shields        | 3 |  3.0
Dodging        | 1 2 |  2.9
Short Blades   | 1 |  1.7
Fighting       | |  3.0
Armour         | |  2.8

Action                     |  1- 3 |  4- 6 || total
---------------------------+-------+-------++-------
  Melee: War axe           |    86 |       ||    86
         Tailslap          |     8 |     8 ||    16
         Dagger            |    28 |    54 ||    82
    Use: Scroll            |     5 |       ||     5
 Armour: Scale mail        |    73 |    16 ||    89
  Dodge: Dodged            |    57 |    22 ||    79
  Block: Buckler           |    21 |    12 ||    33

Levels and vault maps discovered:
D:1:      amcnicky_arrival_flooded_fountain, layout_basic, st_stairs_13
D:2:      layout_basic, basic_ecumenical_altar, uniq_jessica
D:3:      layout_rooms, kennysheep_generic_room_16

Notes
Turn   | Place    | Note
-------+----------+-------------------------------------------
     0 | D:1      | ytrimaz the Demonspawn Fighter began the quest for the Orb.
     0 | D:1      | Reached XP level 1. HP: 18/18 MP: 1/1
     0 | D:1      | magus.rc [v1.9.6]
   116 | D:1      | You pick up a book of Spatial Translocations and begin
                  | reading...
   116 | D:1      | You add the spells Blink, Momentum Strike and Lesser
                  | Beckoning to your library.
   192 | D:1      | Reached skill level 2 in Axes
   192 | D:1      | Reached skill level 3 in Shields
   192 | D:1      | You feel monstrous as your demonic heritage exerts itself.
   192 | D:1      | Discovered your monstrous ancestry.
   192 | D:1      | Gained mutation: You have a small tail. [demonic ancestry]
   192 | D:1      | Reached XP level 2. HP: 22/24 MP: 2/2
   233 | D:1      | Upgraded the game from 0.30-a0-1161-g0704695555 to
                  | 0.30-a0-1163-gf69bf04e7a
   233 | D:1      | magus.rc [v1.9.6]
   536 | D:1      | Reached skill level 1 in Dodging
   779 | D:2      | Found a faded altar of an unknown god.
   798 | D:2      | Reached XP level 3. HP: 14/29 MP: 3/3
   805 | D:2      | HP: 7/29 [frozen (4)]
   807 | D:2      | Reached skill level 2 in Dodging
   813 | D:2      | Identified the +6 dagger of Syrru {pain, Contam rPois rF++
                  | rC+++}
  1046 | D:2      | Gained mutation: You have a pair of small antennae on your
                  | head. [demonic ancestry]
  1046 | D:2      | Reached XP level 4. HP: 35/35 MP: 4/4
  1098 | D:2      | Noticed Jessica
  1103 | D:2      | Killed Jessica
  1104 | D:2      | Reached skill level 1 in Short Blades
  1143 | D:2      | Identified the +6 spear of Gallantry {elec, Dex+3 Stlth+}
  1466 | D:3      | You pick up a book of Alchemy and begin reading...
  1466 | D:3      | You add the spells Sublimation of Blood, Petrify and
                  | Irradiate to your library.
  1528 | D:3      | Noticed an ogre
  1543 | D:3      | Slain by an ogre

Vanquished Creatures
  Jessica (D:2)
  3 adders
  2 worms (D:2)
  4 dart slugs
  4 ball pythons
  5 endoplasms
  A giant cockroach (D:2)
  8 goblins
  5 hobgoblins
  A jackal (D:1)
  5 quokkas
  4 bats
  2 frilled lizards (D:2)
  6 kobolds
  7 rats
58 creatures vanquished.

Table legend:
 A = Non-vault XP
 B = Vault XP
 C = Vault XP percentage of total XP
 D = Non-vault monster count
 E = Vault monster count
 F = Vault count percentage of total count
                 A         B        C        D         E       F
            +---------+---------+-------+---------+---------+-------
      Total |     144 |      39 |  21.3 |      56 |       2 |   3.4
            +---------+---------+-------+---------+---------+-------
        D:1 |      32 |       2 |   5.9 |      19 |       1 |   5.0
        D:2 |      86 |      37 |  30.1 |      29 |       1 |   3.3
        D:3 |      26 |       0 |   0.0 |       8 |       0 |   0.0
            +---------+---------+-------+---------+---------+-------

Skill      XL: |  1  2  3  4 |
---------------+-------------+-----
Axes           | 2 |  2.1
Shields        | 3 |  3.0
Dodging        | 1 2 |  2.9
Short Blades   | 1 |  1.7
Fighting       | |  3.0
Armour         | |  2.8

Action                     |  1- 3 |  4- 6 || total
---------------------------+-------+-------++-------
  Melee: War axe           |    86 |       ||    86
         Tailslap          |     8 |     8 ||    16
         Dagger            |    28 |    54 ||    82
    Use: Scroll            |     5 |       ||     5
 Armour: Scale mail        |    73 |    16 ||    89
  Dodge: Dodged            |    57 |    22 ||    79
  Block: Buckler           |    21 |    12 ||    33

Illustrated notes

Table legend:
 A = Kills in this place as a percentage of kills in the entire game.
 B = Kills by you in this place as a percentage of kills by you in the entire game.
 C = Kills by friends in this place as a percentage of kills by friends in the entire game.
 D = Other kills in this place as a percentage of other kills in the entire game.
 E = Experience gained in this place as a percentage of experience gained in the entire game.
 F = Experience gained in this place divided by the number of levels of this place that you have seen.
                   A       B       C       D       E      F
               +-------+-------+-------+-------+-------+----------------------
         Total | 100.0 | 100.0 |   N/A |   N/A | 100.0 |  61.0
       Dungeon | 100.0 | 100.0 |   N/A |   N/A | 100.0 |  61.0
               +-------+-------+-------+-------+-------+----------------------

Table legend: (Time is in decaauts)
 A = Elapsed time spent in this place.
 B = Non-inter-level travel time spent in this place.
 C = Inter-level travel time spent in this place.
 D = Time resting spent in this place.
 E = Time spent auto-exploring this place.
 F = Levels seen in this place.
 G = Mean time per level.
                   A        B        C        D        E       F      G
               +--------+--------+--------+--------+--------+-----+--------+
         Total |   1579 |   1555 |     24 |    158 |    938 |   3 |  526.3 |
       Dungeon |   1579 |   1555 |     24 |    158 |    938 |   3 |  526.3 |
               +--------+--------+--------+--------+--------+-----+--------+

Top non-repeatable levels by time:
     D:1: 798 daAuts
     D:2: 663 daAuts
     D:3: 117 daAuts
